 Dungeon Crawl Stone Soup version 0.27-a0-323-gbd089401bb (webtiles) character file.

Game seed: 11667823379169958253

23 dinky3 the Digger (level 3, 23/23 HPs)
             Began as an Octopode Earth Elementalist on Feb 10, 2021.
             Quit the game on level 1 of the Dungeon.
             The game lasted 00:03:07 (833 turns).

dinky3 the Digger (Octopode Earth Elementalist)      Turns: 833, Time: 00:03:07

Health: 23/23      AC:  1    Str:  7    XL:     3   Next: 0%
Magic:  6/6        EV: 13    Int: 17    God:
Gold:   42         SH:  0    Dex: 13    Spells: 5/6 levels left

rFire    . . .     SeeInvis .   c - +0 dagger
rCold    . . .     Faith    .   (no shield)
rNeg     . . .     Spirit   .   (helmet restricted)
rPois    .         Reflect  .   (no amulet)
rElec    .         Harm     .   (no ring)
rCorr    .         Rampage  .   (no ring)
Will     .....                  (no ring)
Stlth    +++.......             (no ring)
HPRegen  0.07/turn              (no ring)
MPRegen  0.10/turn              (no ring)
                                (no ring)
                                (no ring)

@: no status effects
A: almost no armour, stealthy swim, amphibious, 8 rings, constrict 8, camouflage
1, gelatinous body 1
a: no special abilities


You were on level 1 of the Dungeon.
You visited 1 branch of the dungeon, and saw 1 of its levels.

You collected 42 gold pieces.

Inventory:

Hand Weapons
 c - a +0 dagger (weapon)
Missiles
 b - 61 stones
Scrolls
 a - a scroll of blinking {unknown}
 f - a scroll of enchant armour {unknown}
 g - a scroll of immolation {unknown}
Potions
 d - 2 potions of invisibility {unknown}
 e - a potion of curing {unknown}
 h - a potion of heal wounds {unknown}
 i - a potion of degeneration {unknown}
 j - a potion of mutation {unknown}


   Skills:
 + Level 1.5 Fighting
 - Level 2.0 Dodging
 - Level 2.6 Stealth
 - Level 2.0 Spellcasting
 - Level 1.0 Transmutations
 + Level 3.6 Earth Magic


You had 5 spell levels left.
You knew the following spells:

 Your Spells              Type           Power        Failure   Level
a - Sandblast             Erth           26%          4%          1

Your spell library contained the following spells:

 Spells                   Type           Power        Failure   Level
 Passwall                 Tmut/Erth      7%           12%         2
 Stone Arrow              Conj/Erth      14%          28%         3
 Petrify                  Tmut/Erth      9%           58%         4
 Lee's Rapid Deconstruct  Erth           6%           77%         5


Dungeon Overview and Level Annotations

Branches:
Dungeon (1/15)

Altars:


Innate Abilities, Weirdness & Mutations

You cannot wear most types of armour.
You are very stealthy in the water. (Stealth+)
You are amphibious.
You can wear up to eight rings at the same time.
You can use your tentacles to constrict eight enemies at once.
Your skin changes colour to match your surroundings (Stealth+).
Your rubbery body absorbs attacks. (AC +1, EV +1)


Message History

The bat struggles to escape constriction.
The bat escapes!
The bat hits you.
You hit the bat. You grab the bat.
The bat is severely wounded.
You constrict the bat.
You kill the bat!
No target in view!
No target in view!
Unknown command.
You start resting.
Magic restored.
HP restored.
d - 2 glowing grey potions (gained 1)
A bat comes into view.
A bat is nearby!
The helpless bat fails to defend itself.
You puncture the bat!
You kill the bat!
A frilled lizard comes into view.
A frilled lizard is nearby!
A frilled lizard is nearby!
The frilled lizard bites you but does no damage.
You barely miss the frilled lizard. You grab the frilled lizard.
You constrict the frilled lizard. The frilled lizard barely misses you.
You hit the frilled lizard.
You kill the frilled lizard!
You have reached level 3!
Your experience leads to an increase in your attributes!
Increase (S)trength, (I)ntelligence, or (D)exterity?
You feel agile.
i - a yellow potion
j - a fizzy puce potion A goblin and a dart slug come into view.
There are monsters nearby!
There are monsters nearby!
There are monsters nearby!
A hobgoblin comes into view.
The goblin shouts!
Are you sure you want to abandon this character and quit the game? (Confirm with "yes".)

########.....#
#######.....
#.....#.######.......##..
#.......# #.......#....
#.....#### #..........#..
#........###.........##..
#.....##..##..>......###.
#.....###.##.........##..
#.....###............##..
########@................
#..###.........##.. .....
..... .w...... ....
...g....... ...
.g.......... ...
.............
..............


You could see a dart slug (wandering), a hobgoblin (wandering) and a goblin.

Vanquished Creatures
  An ooze (D:1)
  A leopard gecko (D:1)
  2 ball pythons (D:1)
  2 giant cockroaches (D:1)
  2 goblins (D:1)
  A hobgoblin (D:1)
  4 bats (D:1)
  2 frilled lizards (D:1)
  3 kobolds (D:1)
  2 rats (D:1)
20 creatures vanquished.

Notes
Turn   | Place    | Note
-------+----------+-------------------------------------------
     0 | D:1      | dinky3 the Octopode Earth Elementalist began the quest for
                  | the Orb.
     0 | D:1      | Reached XP level 1. HP: 11/11 MP: 3/3
   139 | D:1      | Reached XP level 2. HP: 5/18 MP: 1/5
   140 | D:1      | Reached skill level 1 in Fighting
   814 | D:1      | Reached XP level 3. HP: 23/23 MP: 6/6
   833 | D:1      | Quit the game

Illustrated notes

Levels and vault maps discovered:
D:1:      eino_arrival_water_star, layout_rooms, kennysheep_another_room

Skill      XL: |  1  2 |
---------------+-------+-----
Fighting       | 1 |  1.5
Dodging        | |  2.0
Stealth        | |  2.6
Spellcasting   | |  2.0
Transmutations | |  1.0
Earth Magic    | |  3.6

Action                   || total
-------------------------++-------
Melee: Dagger            ||    24
       Constrict         ||     7
       Unarmed           ||     3
       Tentacles         ||     4
 Cast: Sandblast         ||    13
 Stab: Sleeping          ||     2
Armor: Skin              ||     4
Dodge: Dodged            ||    11

Table legend: (Time is in decaauts)
 A = Elapsed time spent in this place.
 B = Non-inter-level travel time spent in this place.
 C = Inter-level travel time spent in this place.
 D = Time resting spent in this place.
 E = Time spent auto-exploring this place.
 F = Levels seen in this place.
 G = Mean time per level.
                   A        B        C        D        E       F      G
               +--------+--------+--------+--------+--------+-----+--------+
         Total |    832 |    832 |      0 |    272 |    345 |   1 |  832.0 |
       Dungeon |    832 |    832 |      0 |    272 |    345 |   1 |  832.0 |
               +--------+--------+--------+--------+--------+-----+--------+

Top non-repeatable levels by time:
     D:1: 832 daAuts
